 Dungeon Crawl Stone Soup version 0.17-a0-2030-g9ce824c (webtiles) character file.

8815 ziver the Dealer of Despair (level 11, -7/81 HPs)
             Began as a Demonspawn Necromancer on Oct 9, 2015.
             Was an Elder of Kikubaaqudgha.
             Mangled by a warg (9 damage)
             ... on level 4 of the Orcish Mines on Oct 11, 2015.
             The game lasted 02:56:02 (9404 turns).

ziver the Dealer of Despair (DsNe)                  Turns: 9404, Time: 02:56:32

Health: -7/81      AC: 16    Str: 13    XL:     11   Next: 14%
Magic:  0/20       EV: 14    Int: 17    God:    Kikubaaqudgha [****..]
Gold:   1132       SH:  8    Dex: 16    Spells: 4 memorised, 11 levels left

rFire  + + +     SeeInvis .     n - +8 lance "Wyrmbane" {slay drac, +Rage rPois rF+ AC+5}
rCold  . . .     Clarity  .     s - +2 robe {rN+}
rNeg   + . .     SustAt   .     t - +0 shield
rPois  +         Gourm    .     (helmet restricted)
rElec  .         Spirit   +     i - +0 cloak
rCorr  .         Warding  .     (no gloves)
rMut   .         Stasis   .     (no boots)
MR     .....                    Z - amulet of guardian spirit
Stlth  ++++......               j - +4 ring of strength
                                P - ring of protection from fire

@: very slightly contaminated, not resistant to hostile enchantments, stealthy
A: horns 2, iridescent scales 2, demonic guardian 2, fire resistance 1,
nightstalker 1
a: Receive Corpses, Renounce Religion, Evoke Berserk Rage


You were on level 4 of the Orcish Mines.
You worshipped Kikubaaqudgha.
Kikubaaqudgha was greatly pleased with you.
You were not hungry.

You visited 3 branches of the dungeon, and saw 15 of its levels.
You also visited: Ossuary and Bailey.

You collected 1600 gold pieces.
You spent 468 gold pieces at shops.

Inventory:

Hand Weapons
 a - a +2 rapier of draining
 c - a +1 whip of venom
 g - a +3 quarterstaff of chaos
 k - a +0 battleaxe
 n - the +8 lance "Wyrmbane" (weapon) {slay drac, +Rage rPois rF+ AC+5}
   (You found it in a bailey)

   It affects your AC (+5).
   It protects you from fire.
   It protects you from poison.
   It lets you go berserk.
 p - a +0 dagger
 x - a +3 trident of freezing
 z - a cursed +0 hand axe
 H - a +5 war axe
 L - the +5 flail of the Living Dead {crush, rC++ Dex+3}
   (You found it on level 7 of the Dungeon)

   It inflicts extra damage upon your enemies.
   It affects your dexterity (+3).
   It greatly protects you from cold.
 O - a +0 dagger
 R - a cursed -1 shortbow
 V - a +0 flail
Armour
 i - a +0 cloak (worn)
 s - a +2 robe of positive energy (worn)
 t - a +0 shield (worn)
 v - a +3 leather armour
Magical Staves
 r - an uncursed staff of fire
Jewellery
 j - a +4 ring of strength (right hand)
 P - a ring of protection from fire (left hand)
 Z - an amulet of guardian spirit (around neck)
Wands
 G - a wand of slowing (21)
 K - a wand of digging (17)
 N - a wand of fire (6)
Scrolls
 d - 4 scrolls of remove curse
 o - 3 scrolls of fog
 w - 2 scrolls of fear {unknown}
 y - 2 scrolls of identify
 B - a scroll of random uselessness {unknown}
 F - 2 scrolls of teleportation
 J - a scroll of enchant armour {unknown}
 T - 2 scrolls of noise
Potions
 e - a potion of invisibility {unknown}
 u - a potion of degeneration {unknown}
 D - 4 potions of poison {unknown}
 E - 5 potions of curing
 I - a potion of heal wounds
 S - a potion of flight {unknown}
 U - a potion of resistance
 W - a potion of ambrosia {unknown}
 X - a potion of lignification {unknown}
 Y - 3 potions of cancellation {unknown}
Books
 b - a book of Necromancy

   Spells                             Type                      Level
   a - Pain                           Necromancy                   1
   b - Animate Skeleton               Necromancy                   1
   c - Vampiric Draining              Necromancy                   3
   d - Regeneration                   Charms/Necromancy            3
   e - Animate Dead                   Necromancy                   4
   f - Control Undead                 Necromancy                   4
 h - Kikubaaqudgha's Catalogue of Darkness
   (Kikubaaqudgha gifted it to you on level 2 of the Orcish Mines)

   Spells                             Type                      Level
   a - Animate Dead                   Necromancy                   4
   b - Bolt of Draining               Conjuration/Necromancy       5
   c - Agony                          Necromancy                   5
   d - Dispel Undead                  Necromancy                   5
   e - Simulacrum                     Ice/Necromancy               6
 q - a book of the Sky

   Spells                             Type                      Level
   a - Summon Lightning Spire         Summoning/Air                4
   b - Airstrike                      Air                          4
   c - Silence                        Hexes/Air                    5
   d - Deflect Missiles               Charms/Air                   6
   e - Conjure Ball Lightning         Conjuration/Air              6
   f - Tornado                        Air                          9
 C - Kikubaaqudgha's Volume of Darkness
   (Kikubaaqudgha gifted it to you on level 8 of the Dungeon)

   Spells                             Type                      Level
   a - Pain                           Necromancy                   1
   b - Corpse Rot                     Necromancy                   2
   c - Sublimation of Blood           Necromancy                   2
   d - Regeneration                   Charms/Necromancy            3
   e - Control Undead                 Necromancy                   4
 M - a book of the Tempests

   Spells                             Type                      Level
   a - Static Discharge               Conjuration/Air              3
   b - Lightning Bolt                 Conjuration/Air              5
   c - Fireball                       Conjuration/Fire             5
   d - Tornado                        Air                          9
   e - Shatter                        Earth                        9
Miscellaneous
 l - a phial of floods
 m - a lamp of fire
Comestibles
 f - a meat ration
 A - 2 beef jerkies
 Q - 2 bread rations


   Skills:
 + Level 6.2 Fighting
 + Level 1.0 Short Blades
   Level 0.3(0.7) Long Blades
 + Level 2.5(4.7) Axes
 + Level 6.1(6.4) Polearms
   Level 0.1 Slings
 + Level 3.9 Armour
 + Level 7.6 Dodging
 + Level 5.0 Stealth
 + Level 2.5 Shields
 + Level 6.5 Spellcasting
 + Level 8.1 Necromancy


You had 11 spell levels left.
You knew the following spells:

 Your Spells              Type           Power        Failure   Level  Hunger
a - Pain                  Necr           ####         2%          1    None
b - Vampiric Draining     Necr           ####......   10%         3    ##.....
c - Animate Dead          Necr           N/A          24%         4    ####...
d - Control Undead        Necr           ####......   24%         4    ####...


Dungeon Overview and Level Annotations

Branches:
Dungeon (11/15)            Temple (1/1) D:7             Orc (4/4) D:11
   Lair: D:8-11         Elf: Orc:3-4

Altars:
Ashenzari
Cheibriados
Dithmenos
Elyvilon
Fedhas
Gozag
Kikubaaqudgha
Makhleb
Nemelex Xobeh
Okawaru
Qazlal
Ru
Sif Muna
Trog
Vehumet
Xom
Yredelemnul
Zin
The Shining One
Beogh

Shops:
D:11 [(   Orc:4 [


Innate Abilities, Weirdness & Mutations

You have a pair of horns on your head.
You are mostly covered in iridescent scales (AC +6).
A demonic guardian rushes to your aid.
Your flesh is heat resistant.
You are slightly more attuned to the shadows.


Message History

The orc hits you but does no damage. You block the orc's attack.
A tomahawk appears from out of your range of vision.
The tomahawk hits your ice devil. The ogre closely misses you.
You barely miss the orc. You block the warg's attack.
The orc hits you but does no damage.
Your ice devil barely misses the warg.
The orc priest hits you but does no damage.
The orc misses you. The orc closely misses you. You block the orc's attack.
Your shield prevents you from hitting the orc.
Your headbutt misses the orc. The warg barely misses you.
A tomahawk appears from out of your range of vision.
The tomahawk closely misses your ice devil.
You block the orc's attack.
Your ice devil hits the warg!
Your ice devil freezes the warg!!
The orc priest hits you but does no damage.
The orc closely misses you.
The ogre hits you with a giant spiked club!!
* * * LOW HITPOINT WARNING * * *
The warg bites you!
You die...
Kikubaaqudgha rasps: "You have failed me!
Welcome... death!"

...... ......
...... ......
......
.....o##
......O##
.....oo@#
......ooh3∩...
........oo...$
..#..$...o....
....#....o....
....#.........
... #######.o.


You could see a warg, an ogre, an orc priest, 9 orcs and a friendly ice devil.

Vanquished Creatures
  A manticore (D:11)
  A hill giant (D:11)
  Grinder (D:3)
  2 trolls
  A merfolk (D:10)
  Sigmund (D:2)
  2 yaks (D:11)
  2 hippogriffs
  2 hungry ghosts (D:8)
  A warg (Orc:3)
  A water moccasin (D:11)
  Duvessa (D:7)
  6 orc warriors
  A black bear (D:7)
  8 ogres
  2 centaurs
  The ghost of krfreak the Conjurer, an amateur TeCj (D:3)
  A wyvern zombie (D:7)
  3 big kobolds
  Dowan (D:7)
  3 giant frogs
  A scorpion (D:8)
  3 killer bees (D:8)
  A giant frog zombie (D:10)
  A crimson imp (D:8)
  2 jellies
  12 orc priests
  Crazy Yiuf (D:7)
  A centaur skeleton (D:8)
  4 hounds
  Jessica (D:3)
  Natasha (D:2)
  5 worker ants
  12 orc wizards
  6 mummies (Ossuary)
  A hound skeleton (D:10)
  A worker ant zombie (D:7)
  Robin (D:2)
  9 adders
  5 gnolls
  2 oozes
  An adder skeleton (D:4)
  6 worms
  2 giant geckos
  54 orcs
  5 bats
  A gnoll zombie (Ossuary)
  18 goblins
  12 hobgoblins
  4 jackals (D:7)
  4 quokkas
  3 ball pythons
  6 giant cockroaches
  5 giant newts
  3 hobgoblin zombies (Ossuary)
  22 kobolds
  A kobold zombie (Ossuary)
  2 orc zombies (Ossuary)
  7 rats
  A plant (D:11)
269 creatures vanquished.

Vanquished Creatures (collateral kills)
  A hydra (D:11)
  A hill giant (D:10)
  An orc sorcerer (Orc:3)
  An ugly thing (D:11)
  An orc knight (Bailey)
  A troll (D:11)
  A hippogriff (D:7)
  A yak (D:11)
  A water moccasin (D:11)
  2 ogres
  A phantom (D:11)
  6 orc warriors
  A centaur (D:9)
  A crimson imp (D:10)
  A hound (D:11)
  3 orc wizards
  An orc priest (Orc:3)
  A big kobold zombie (Ossuary)
  2 mummies (Ossuary)
  Natasha (D:2)
  30 orcs
  A giant cockroach (D:4)
  A goblin (Bailey)
  2 kobolds (Bailey)
63 creatures vanquished.

Grand Total: 332 creatures vanquished

Notes
Turn   | Place    | Note
--------------------------------------------------------------
     0 | D:1      | ziver the Demonspawn Necromancer began the quest for the Orb.
     0 | D:1      | Reached XP level 1. HP: 13/13 MP: 3/3
   168 | D:1      | Found an iron altar of Okawaru.
   178 | D:1      | Gained mutation: You are partially covered in iridescent scales (AC +4). [demonic ancestry]
   178 | D:1      | Reached XP level 2. HP: 14/19 MP: 1/5
   493 | D:2      | Reached skill level 5 in Necromancy
   504 | D:1      | Gained mutation: You have a pair of small horns on your head. [demonic ancestry]
   504 | D:1      | Reached XP level 3. HP: 15/24 MP: 1/6
   928 | D:2      | Found a bloodstained altar of Trog.
   939 | D:2      | Learned a level 3 spell: Vampiric Draining
  1138 | D:2      | Noticed Robin
  1142 | D:2      | Gained mutation: You have a pair of horns on your head. [demonic ancestry]
  1142 | D:2      | Reached XP level 4. HP: 19/31 MP: 5/8
  1230 | D:2      | Killed Robin
  1622 | D:2      | Noticed Natasha
  1628 | D:2      | Killed Natasha
  1628 | D:2      | Reached skill level 1 in Armour
  1628 | D:2      | Gained mutation: A weak demonic guardian rushes to your aid. [demonic ancestry]
  1628 | D:2      | Reached XP level 5. HP: 36/36 MP: 9/9
  1680 | D:2      | Noticed Sigmund
  1688 | D:2      | Killed Sigmund
  1688 | D:2      | Reached skill level 1 in Fighting
  1688 | D:2      | Reached skill level 1 in Short Blades
  1688 | D:2      | Reached XP level 6. HP: 33/43 MP: 5/11
  1767 | D:2      | Noticed Natasha
  1775 | D:2      | Killed Natasha
  2008 | D:3      | Learned a level 4 spell: Animate Dead
  2108 | D:3      | Noticed Grinder
  2114 | D:3      | Paralysed by Grinder for 5 turns
  2127 | D:3      | Noticed krfreak's ghost (amateur TeCj)
  2127 | D:3      | Paralysed by Grinder for 3 turns
  2128 | D:3      | Noticed Jessica
  2131 | D:3      | Killed Grinder
  2131 | D:3      | Reached skill level 1 in Polearms
  2137 | D:3      | Gained mutation: A demonic guardian rushes to your aid. [demonic ancestry]
  2137 | D:3      | Reached XP level 7. HP: 13/48 MP: 5/12
  2140 | D:3      | Killed Jessica
  2145 | D:3      | Killed krfreak's ghost
  2438 | D:3      | Learned a level 4 spell: Control Undead
  2580 | D:3      | Reached skill level 6 in Necromancy
  2999 | D:4      | Upgraded the game from 0.17-a0-2007-g96ac4c4 to 0.17-a0-2030-g9ce824c
  3718 | D:5      | Entered Level 5 of the Dungeon
  3791 | D:5      | Gained mutation: You are mostly covered in iridescent scales (AC +6). [demonic ancestry]
  3791 | D:5      | Reached XP level 8. HP: 44/56 MP: 11/15
  3834 | D:5      | Found a sand-covered staircase.
  3860 | Ossuary  | Entered an ossuary
  3943 | Ossuary  | Reached skill level 1 in Axes
  4313 | D:5      | You fall through a shaft for 2 floors!
  4405 | D:7      | Reached skill level 5 in Spellcasting
  4416 | D:7      | Noticed Crazy Yiuf
  4422 | D:7      | Killed Crazy Yiuf
  4554 | D:7      | Found a flagged portal.
  4565 | Bailey   | Entered a bailey
  4722 | Bailey   | Noticed an orc knight
  4737 | Bailey   | Killed an orc knight
  4737 | Bailey   | Reached skill level 7 in Necromancy
  4745 | Bailey   | Found a bloodstained altar of Trog.
  4878 | D:7      | Found a staircase to the Ecumenical Temple.
  4898 | Temple   | Entered the Ecumenical Temple
  4947 | Temple   | Became a worshipper of Kikubaaqudgha
  5030 | D:7      | Reached XP level 9. HP: 59/64 MP: 17/17
  5115 | D:7      | Got a brightly glowing flail
  5117 | D:7      | Identified the +5 flail of the Living Dead {crush, rC++ Dex+3} (You found it on level 7 of the Dungeon)
  5520 | D:7      | Noticed Duvessa
  5521 | D:7      | Noticed Dowan
  5533 | D:7      | Killed Duvessa
  5544 | D:7      | Killed Dowan
  5657 | D:8      | Found an opulent altar of Gozag.
  5673 | D:8      | Reached skill level 5 in Dodging
  6009 | D:8      | Acquired Kikubaaqudgha's first power
  6009 | D:8      | Received a gift from Kikubaaqudgha
  6012 | D:8      | Identified Kikubaaqudgha's Volume of Darkness (Kikubaaqudgha gifted it to you on level 8 of the Dungeon)
  6474 | D:9      | Found a shattered altar of Ashenzari.
  6476 | D:9      | Found a radiant altar of Vehumet.
  6499 | D:9      | Found a sacrificial altar of Ru.
  6501 | D:9      | Found a white marble altar of Elyvilon.
  6546 | D:10     | Entered Level 10 of the Dungeon
  6546 | D:10     | Noticed a hill giant
  6553 | D:10     | Killed a hill giant
  6676 | D:10     | Reached skill level 5 in Fighting
  6676 | D:10     | Gained mutation: You are slightly more attuned to the shadows. [demonic ancestry]
  6676 | D:10     | Reached XP level 10. HP: 64/74 MP: 17/19
  7275 | D:11     | Noticed a seven-headed hydra
  7289 | D:11     | Killed a seven-headed hydra
  7294 | D:11     | Noticed a hill giant
  7309 | D:11     | Killed a hill giant
  7309 | D:11     | Reached skill level 5 in Polearms
  7365 | D:11     | Found Alicsod's Antique Armour Emporium.
  7396 | D:11     | Bought a cloak for 130 gold pieces
  7396 | D:11     | Bought a runed chain mail for 130 gold pieces
  7396 | D:11     | Bought an embroidered robe for 20 gold pieces
  7396 | D:11     | Bought a shield for 130 gold pieces
  7396 | D:11     | Bought a glowing leather armour for 58 gold pieces
  7492 | D:11     | Found Zodarhar's Antique Weapon Shop.
  7548 | D:11     | Noticed a purple ugly thing
  7568 | D:11     | Killed a purple ugly thing
  7701 | D:11     | Acquired Kikubaaqudgha's second power
  7746 | D:11     | Found a staircase to the Orcish Mines.
  7751 | D:11     | Noticed a manticore
  7753 | D:11     | Reached skill level 1 in Shields
  7758 | D:11     | Killed a manticore
  7974 | Orc:1    | Entered Level 1 of the Orcish Mines
  8246 | Orc:1    | Found a roughly hewn altar of Beogh.
  8490 | Orc:2    | Reached skill level 8 in Necromancy
  8558 | Orc:2    | Received a gift from Kikubaaqudgha
  8703 | Orc:2    | Identified Kikubaaqudgha's Catalogue of Darkness (Kikubaaqudgha gifted it to you on level 2 of the Orcish Mines)
  8909 | Orc:3    | Gained mutation: Your flesh is heat resistant. [demonic ancestry]
  8909 | Orc:3    | Reached XP level 11. HP: 81/81 MP: 12/20
  9098 | Orc:3    | Acquired Kikubaaqudgha's third power
  9144 | Orc:3    | Noticed an orc sorcerer
  9149 | Orc:3    | Killed an orc sorcerer
  9149 | Orc:3    | Reached skill level 5 in Stealth
  9385 | Orc:4    | Entered Level 4 of the Orcish Mines
  9386 | Orc:4    | Found Noneom Roes's Armour Shop.
  9404 | Orc:4    | HP: 2/81 [ogre/giant spiked club (24)]
  9404 | Orc:4    | Mangled by a warg

Vault maps used:
D:1:      minmay_arrival_plants_in_alcoves, okawaru_ov_weapons_minmay
D:2:      lemuel_crystal_altar, uniq_robin, uniq_sigmund, uniq_natasha
D:3:      first_bread, uniq_grinder, uniq_jessica
D:4:      hangedman_decor_opposing
D:5:      enter_ossuary_1, uniq_menkaure
D:7:      minmay_temple_entry_statues_pillars, enter_bailey_3, uniq_duvessa,
          uniq_crazy_yiuf_cottage
D:8:      grunt_gozag_statues, minmay_statues_item
D:9:      nicolae_overflow_hidden_temple, corexii_leaking_fountain, uniq_joseph,
          uniq_psyche
D:10:     hangedman_fish_farm
D:11:     lair_0_dummy, erik_orc_3, serial_glass, glass_columns_b,
          glass_columns_b, glass_columns_a, glass_columns_a, glass_columns_b,
          basic_altar, serial_shops, kennysheep_little_box, shop,
          nicolae_shop_window_shopping, shop, nicolae_shop_overgrown_old_shop
Temple:   circular_temple_13
Orc:1:    mines1_david
Orc:2:    small_statue_alley_c, uniq_sonja
Orc:3:    nicolae_orc_pool_cavern
Orc:4:    st_orc_pillars, serial_shops, shop
Ossuary:  ossuary_tomb_3
Bailey:   bailey_axe_3, bailey

Action                   |  1- 3 |  4- 6 |  7- 9 | 10-12 || total
-------------------------+-------+-------+-------+-------++-------
Melee: Unarmed           |     2 |       |       |       ||     2
       Falchion          |     4 |       |       |       ||     4
       Short sword       |    32 |    37 |       |       ||    69
       Trident           |       |    63 |    12 |       ||    75
       War axe           |       |       |   125 |       ||   125
       Lance             |       |       |   185 |   335 ||   520
 Fire: Hunting sling     |       |     1 |       |       ||     1
 Cast: Pain              |    41 |    14 |    21 |       ||    76
       Vampiric Draining |     4 |     7 |    10 |     2 ||    23
       Control Undead    |       |       |     8 |       ||     8
       Animate Dead      |       |       |     1 |     7 ||     8
Invok: Receive Corpses   |       |       |       |     3 ||     3
  Use: Scroll            |       |     3 |    10 |     6 ||    19
       Potion            |       |       |       |     1 ||     1
 Stab: Sleeping          |       |       |     5 |     5 ||    10
       Distracted        |       |       |     1 |     2 ||     3
  Eat: Pizza             |     1 |       |     4 |       ||     5
       Bread ration      |       |     1 |     3 |     2 ||     6
       Beef jerky        |       |       |     3 |       ||     3
       Meat ration       |       |       |       |     1 ||     1
